AoeStats
← Simon Stokvis

Nomad

505023722Analyzed
4v4 RM · 25d ago on Sep 7, 2026· 35m 18s· 8 players
Game mode
Random Map
Map size
231×231
Population
200
Speed
Normal
Resources
Standard
Victory
Conquest
Starting age
Dark Age
Ending age
Imperial Age
RankedLock teamsTeams togetherTeam positionsShared explorationLock speedFull tech treeHidden civsTurbo modeCheats
Victory
Defeat
🇨🇳 Poles · China
1496
+14
🇳🇱 Vietnamese · Netherlands
1485
+15
🇦🇷 Khmer · Argentina
1474
+15
🇮🇱 Mongols · Israel
1473
+15
🇳🇱 Berbers · Netherlands
1506
-16
🇮🇪 Chinese · Ireland
1469
-15
🇵🇹 Teutons · Portugal
1450
-15
🇨🇦 Khitans · Canada
1417
-13
Hastur
4:44 Loom
12:55 Feudal Age
13:39 Fishing Lines
24:59 Castle Age
22:50 Double-Bit Axe
22:46 Horse Collar
24:46 Gold Mining
26:04 Bow Saw
26:40 Fletching
29:04 Bodkin Arrow
31:03 Padded Archer Armor
32:04 Ballistics
34:34 Wheelbarrow
33:45 Town Watch
34:02 Heavy Plow
34:23 Kasbah
35:11 Leather Archer Armor
Funkyton
4:32 Loom
13:33 Feudal Age
15:36 Double-Bit Axe
18:08 Castle Age
16:56 Forging
18:30 Scale Barding Armor
19:27 Iron Casting
20:01 Town Watch
20:26 Husbandry
22:13 Chain Barding Armor
24:54 Fishing Lines
25:19 Domestication
35:43 Wheelbarrow
Madbun
3:06 Loom
13:02 Feudal Age
14:29 Town Watch
15:00 Double-Bit Axe
17:24 Fletching
18:40 Padded Archer Armor
24:24 Castle Age
25:12 Bodkin Arrow
25:33 Leather Archer Armor
25:41 Crossbowman
Mortis
5:42 Loom
15:15 Feudal Age
17:02 Fletching
22:15 Town Watch
26:02 Castle Age
Simon Stokvis
3:04 Loom
5:11 Loom
13:54 Feudal Age
16:14 Fletching
22:52 Castle Age
22:55 Gold Mining
22:56 Fishing Lines
24:40 Wheelbarrow
23:50 Town Watch
24:01 Gillnets
24:52 Double-Bit Axe
27:11 Bow Saw
29:30 Medium Warships
32:49 Imperial Age
32:11 Ballistics
33:09 Bodkin Arrow
33:15 Padded Archer Armor
Wavelogic
14:24 Feudal Age
12:41 Loom
14:27 Loom
14:51 Town Watch
18:04 Castle Age
22:37 Double-Bit Axe
23:11 Fletching
25:06 Bow Saw
25:42 Horse Collar
33:50 Bodkin Arrow
倒挂着的树枝
5:30 Loom
15:39 Feudal Age
16:00 Man-at-Arms
17:55 Double-Bit Axe
19:59 Fishing Lines
24:34 Scale Barding Armor
24:42 Bloodlines
25:34 Forging
31:34 Castle Age
29:36 Fletching
30:04 Gold Mining
36:31 Imperial Age
34:58 Gillnets
儒门_重农抑商
8:36 Loom
13:51 Feudal Age
15:02 Town Watch
20:25 Castle Age
18:42 Double-Bit Axe
19:25 Fletching
20:27 Crossbowman
21:30 Bodkin Arrow
28:22 Ballistics
Connection lost

Rejoining the realm…

Still unreachable

The connection could not be restored.

Session expired

The server has moved on; the page needs a fresh start.